| TOP OF THE 1ST |
|
Albuquerque Isotopes batting - Pitching for Colorado Springs Sky Sox : LHP Steve Ransom
|
|
Pitching: LHP Steve Ransom
|
|
|
Batting: RHB Logan Morgan
|
0-0: Swinging Strike 0-1: Foul Ball, location: 2F 0-2: SINGLE (Line Drive, 7LS, EV 95.6 MPH)
|
|
Batting: RHB Sadataka Kuwahara
|
0-0: Ball 1-0: Ball 2-0: Ball 3-0: Called Strike 3-1: Base on Balls Logan Morgan to second
|
|
Batting: LHB Jason Raker
|
0-0: Called Strike 0-1: SINGLE (Line Drive, 7LM, EV 106.9 MPH) Logan Morgan to third Sadataka Kuwahara to second Runner from 3rd tries for Home, SAFE, throw by LF to home
|
|
Batting: RHB Adrian Rudkilde
|
0-0: Ball 1-0: Ball 2-0: Swinging Strike 2-1: SINGLE (Groundball, 56S, EV 66.9 MPH) (infield hit) Sadataka Kuwahara to third Jason Raker to second
|
|
Batting: SHB Jamel Wright
|
0-0: Ball 1-0: Ball 2-0: Ball 3-0: Called Strike 3-1: Base on Balls Sadataka Kuwahara scores Jason Raker to third Adrian Rudkilde to second
|
|
Batting: RHB Chris King
|
0-0: Ball 1-0: Ball 2-0: Ball 3-0: Called Strike 3-1: Base on Balls Jason Raker scores Adrian Rudkilde to third Jamel Wright to second
|
|
Batting: LHB Gabe Harvey
|
0-0: DOUBLE (Groundball, 3L, EV 106.2 MPH) Adrian Rudkilde scores Jamel Wright scores Chris King to third
|
|
Batting: RHB Vinny Estrada
|
0-0: Ground out 5-3 (Groundball, 56, EV 84.4 MPH) Chris King scores
|
|
Batting: SHB D.J. Codd
|
0-0: Ball 1-0: Called Strike 1-1: Called Strike 1-2: Strikes out looking
|
|
Batting: RHB Logan Morgan
|
0-0: Ball 1-0: Ball 2-0: Foul Ball, location: 2F 2-1: Ball 3-1: Ground out 1-3 (Groundball, 15S, EV 67.5 MPH)
|
| Top of the 1st over - 6 runs, 4 hits, 0 errors, 1 left on base; Albuquerque 6 - Colorado Springs 0 |
| BOTTOM OF THE 1ST |
|
Colorado Springs Sky Sox batting - Pitching for Albuquerque Isotopes : RHP Alberto Pickett
|
|
Pitching: RHP Alberto Pickett
|
|
|
Batting: LHB Steve Gilliam
|
0-0: Called Strike 0-1: Ball 1-1: Ball 2-1: Fly out, F9 (Flyball, 9, EV 94.4 MPH)
|
|
Batting: RHB Juan Figueroa
|
0-0: Called Strike 0-1: Called Strike 0-2: Fly out, F7 (Flyball, 78M, EV 83.8 MPH)
|
|
Batting: LHB Kyle Schaible
|
0-0: Swinging Strike 0-1: Foul Ball, location: 2F 0-2: Ball 1-2: Ball 2-2: Foul Ball, location: 2F 2-2: Ball 3-2: Foul Ball, location: 2F 3-2: Ground out 4-3 (Groundball, 4, EV 105.0 MPH)
|
| Bottom of the 1st over - 0 runs, 0 hits, 0 errors, 0 left on base; Albuquerque 6 - Colorado Springs 0 |
| TOP OF THE 2ND |
|
Albuquerque Isotopes batting - Pitching for Colorado Springs Sky Sox : LHP Steve Ransom
|
|
Batting: RHB Sadataka Kuwahara
|
0-0: Ball 1-0: Fly out, F2 (Popup, 3SF, EV 82.5 MPH)
|
|
Batting: LHB Jason Raker
|
0-0: Ball 1-0: SINGLE (Groundball, 56D, EV 106.2 MPH)
|
|
Batting: RHB Adrian Rudkilde
|
0-0: Ball 1-0: Called Strike 1-1: Foul Ball, location: 2F 1-2: Strikes out swinging
|
|
Batting: SHB Jamel Wright
|
0-0: Ground out 1-3 (Groundball, 23, EV 67.5 MPH)
|
| Top of the 2nd over - 0 runs, 1 hit, 0 errors, 1 left on base; Albuquerque 6 - Colorado Springs 0 |
| BOTTOM OF THE 2ND |
|
Colorado Springs Sky Sox batting - Pitching for Albuquerque Isotopes : RHP Alberto Pickett
|
|
Batting: LHB Michael Krott
|
0-0: Called Strike 0-1: Ball 1-1: Fly out, F8 (Line Drive, 8LD, EV 98.1 MPH)
|
|
Batting: LHB Iehohs Inatho
|
0-0: Called Strike 0-1: Swinging Strike 0-2: Ground out U3 (Groundball, 3, EV 106.9 MPH)
|
|
Batting: RHB Eric Delgado
|
0-0: Called Strike 0-1: Fly out, F3 (Popup, 3SF, EV 82.5 MPH)
|
| Bottom of the 2nd over - 0 runs, 0 hits, 0 errors, 0 left on base; Albuquerque 6 - Colorado Springs 0 |
| TOP OF THE 3RD |
|
Albuquerque Isotopes batting - Pitching for Colorado Springs Sky Sox : LHP Steve Ransom
|
|
Batting: RHB Chris King
|
0-0: Ball 1-0: Ball 2-0: Ball 3-0: Base on Balls
|
|
Batting: LHB Gabe Harvey
|
0-0: Ball 1-0: Ball 2-0: Called Strike 2-1: Called Strike 2-2: DOUBLE (Line Drive, 5D, EV 96.9 MPH) Chris King to third
|
|
Pitching: LHP Armando Florez
|
|
|
Batting: RHB Vinny Estrada
|
0-0: Ball 1-0: Ball 2-0: Ball 3-0: Called Strike 3-1: Base on Balls
|
|
Batting: SHB D.J. Codd
|
0-0: Called Strike 0-1: Swinging Strike 0-2: Foul Ball, location: 2F 0-2: Ball 1-2: Ball 2-2: Foul Ball, location: 2F 2-2: Foul Ball, location: 2F 2-2: Foul Ball, location: 2F 2-2: Strikes out swinging
|
|
Batting: RHB Logan Morgan
|
0-0: Called Strike 0-1: Ball 1-1: Called Strike 1-2: Foul Ball, location: 2F 1-2: Foul Ball, location: 2F 1-2: Fielders Choice at 2nd, 5-4 (Groundball, 56, EV 83.8 MPH) Chris King scores Gabe Harvey to third
|
|
Batting: RHB Sadataka Kuwahara
|
0-0: Called Strike Logan Morgan steals 2nd base 0-1: SINGLE (Groundball, 4MD, EV 101.2 MPH) (infield hit) Gabe Harvey scores Logan Morgan to third
|
|
Batting: LHB Jason Raker
|
0-0: Ball 1-0: Foul Ball, location: 2F 1-1: Foul Ball, location: 2F 1-2: Ground out 4-3 (Groundball, 4, EV 105.6 MPH)
|
| Top of the 3rd over - 2 runs, 2 hits, 0 errors, 2 left on base; Albuquerque 8 - Colorado Springs 0 |
| BOTTOM OF THE 3RD |
|
Colorado Springs Sky Sox batting - Pitching for Albuquerque Isotopes : RHP Alberto Pickett
|
|
Batting: RHB Matviy Oliynyk
|
0-0: SINGLE (Groundball, 56, EV 103.1 MPH)
|
|
Batting: RHB John Boyer
|
0-0: Ball Matviy Oliynyk steals 2nd, throwing error, E2 Matviy Oliynyk to third 1-0: Called Strike 1-1: Foul Ball, location: 2F 1-2: Ball 2-2: Strikes out swinging
|
|
Batting: RHB Kevin Tangeman
|
0-0: Ball 1-0: Foul Ball, location: 2F 1-1: Foul Ball, location: 2F 1-2: Fly out, F6 (Popup, 5D, EV 54.4 MPH)
|
|
Batting: LHB Steve Gilliam
|
0-0: SINGLE (Line Drive, 89M, EV 106.9 MPH) Matviy Oliynyk scores
|
|
Batting: RHB Juan Figueroa
|
0-0: Ball Steve Gilliam steals 2nd base 1-0: Swinging Strike 1-1: Foul Ball, location: 2F 1-2: Ball 2-2: Foul Ball, location: 2F 2-2: SINGLE (Groundball, 3S, EV 68.1 MPH) (infield hit) Steve Gilliam to third
|
|
Batting: LHB Kyle Schaible
|
0-0: Ball 1-0: Called Strike 1-1: Ball 2-1: Fielders Choice at 2nd, U6 (Groundball, 6M, EV 101.2 MPH)
|
| Bottom of the 3rd over - 1 run, 3 hits, 1 error, 2 left on base; Albuquerque 8 - Colorado Springs 1 |
| TOP OF THE 4TH |
|
Albuquerque Isotopes batting - Pitching for Colorado Springs Sky Sox : LHP Armando Florez
|
|
Batting: RHB Adrian Rudkilde
|
0-0: Called Strike 0-1: Foul Ball, location: 2F 0-2: Strikes out swinging
|
|
Batting: SHB Jamel Wright
|
0-0: Foul Ball, location: 2F 0-1: Swinging Strike 0-2: Ball 1-2: Ball 2-2: Ground out 6-3 (Groundball, 6M, EV 86.2 MPH)
|
|
Batting: RHB Chris King
|
0-0: Called Strike 0-1: Called Strike 0-2: Ball 1-2: Foul Ball, location: 2F 1-2: SOLO HOME RUN (Flyball, 7D, EV 103.8 MPH), Distance : 377 ft
|
|
Batting: LHB Gabe Harvey
|
0-0: Ball 1-0: Ground out 4-3 (Groundball, 4, EV 106.9 MPH)
|
| Top of the 4th over - 1 run, 1 hit, 0 errors, 0 left on base; Albuquerque 9 - Colorado Springs 1 |
| BOTTOM OF THE 4TH |
|
Colorado Springs Sky Sox batting - Pitching for Albuquerque Isotopes : RHP Alberto Pickett
|
|
Batting: LHB Michael Krott
|
0-0: Foul Ball, location: 2F 0-1: Ground out 1-3 (Groundball, 15S, EV 67.5 MPH)
|
|
Batting: LHB Iehohs Inatho
|
0-0: Called Strike 0-1: Swinging Strike 0-2: Ball 1-2: SINGLE (Line Drive, 9S, EV 95.6 MPH)
|
|
Batting: RHB Eric Delgado
|
0-0: Ball 1-0: Called Strike Iehohs Inatho steals 2nd base 1-1: Called Strike Iehohs Inatho steals 3rd base 1-2: Strikes out swinging
|
|
Batting: RHB Matviy Oliynyk
|
0-0: Called Strike 0-1: Ball 1-1: Swinging Strike 1-2: Ball 2-2: Strikes out swinging
|
| Bottom of the 4th over - 0 runs, 1 hit, 0 errors, 1 left on base; Albuquerque 9 - Colorado Springs 1 |
| TOP OF THE 5TH |
|
Albuquerque Isotopes batting - Pitching for Colorado Springs Sky Sox : LHP Armando Florez
|
|
Batting: RHB Vinny Estrada
|
0-0: Ball 1-0: SINGLE (Line Drive, 9S, EV 98.1 MPH)
|
|
Pitching: RHP Vas Karamyshev
|
|
|
Batting: SHB D.J. Codd
|
0-0: Ball 1-0: Foul Ball, location: 2F 1-1: Foul Ball, location: 2F 1-2: Strikes out swinging
|
|
Batting: RHB Logan Morgan
|
0-0: Ball 1-0: Foul Ball, location: 2F 1-1: Ball 2-1: Ball 3-1: Foul Ball, location: 2F 3-2: Base on Balls Vinny Estrada to second
|
|
Batting: RHB Sadataka Kuwahara
|
0-0: Foul Ball, location: 2F 0-1: Ball 1-1: Ball 2-1: Called Strike 2-2: Fly out, F8 (Flyball, 8RD, EV 101.9 MPH) Runner from 2nd tags up, OUT at 3rd! 8-5
|
| Top of the 5th over - 0 runs, 1 hit, 0 errors, 1 left on base; Albuquerque 9 - Colorado Springs 1 |
| BOTTOM OF THE 5TH |
|
Colorado Springs Sky Sox batting - Pitching for Albuquerque Isotopes : RHP Alberto Pickett
|
|
Batting: RHB John Boyer
|
0-0: Ball 1-0: SINGLE (Line Drive, 7LM, EV 88.8 MPH)
|
|
Batting: RHB Kevin Tangeman
|
0-0: Ball 1-0: Ball 2-0: Foul Ball, location: 2F 2-1: Called Strike 2-2: Foul Ball, location: 2F 2-2: Grounds into double play, 5-4-3 (Groundball, 5L, EV 85.6 MPH)
|
|
Batting: LHB Steve Gilliam
|
0-0: SINGLE (Flyball, 5D, EV 85.6 MPH)
|
|
Batting: RHB Juan Figueroa
|
0-0: Ball 1-0: Called Strike Steve Gilliam steals 2nd base 1-1: Ball 2-1: Fly out, F7 (Flyball, 7LSF, EV 86.9 MPH)
|
| Bottom of the 5th over - 0 runs, 2 hits, 0 errors, 1 left on base; Albuquerque 9 - Colorado Springs 1 |
| TOP OF THE 6TH |
|
Albuquerque Isotopes batting - Pitching for Colorado Springs Sky Sox : RHP Vas Karamyshev
|
|
Batting: LHB Jason Raker
|
0-0: Called Strike 0-1: Ball 1-1: Called Strike 1-2: Ball 2-2: Foul Ball, location: 2F 2-2: Strikes out swinging
|
|
Batting: RHB Adrian Rudkilde
|
0-0: Ball 1-0: Foul Ball, location: 2F 1-1: Swinging Strike 1-2: Ball 2-2: Ball 3-2: Base on Balls
|
|
Batting: SHB Jamel Wright
|
0-0: Fielders Choice at 2nd, 4-6 (Groundball, 4, EV 81.2 MPH)
|
|
Batting: RHB Chris King
|
0-0: Called Strike 0-1: Swinging Strike 0-2: Ball 1-2: Foul Ball, location: 2F 1-2: Ball 2-2: Ball 3-2: Base on Balls Jamel Wright to second
|
|
Batting: LHB Gabe Harvey
|
0-0: SINGLE (Line Drive, 7LS, EV 91.2 MPH) Jamel Wright to third Chris King to second Runner from 3rd tries for Home, SAFE, throw by LF to home
|
|
Batting: RHB Vinny Estrada
|
0-0: Called Strike 0-1: Ball 1-1: Ball Wild Pitch! Chris King to third Gabe Harvey to second 2-1: DOUBLE (Line Drive, 9LM, EV 96.2 MPH) Chris King scores Gabe Harvey scores
|
|
Pitching: RHP Mike Clark
|
|
|
Batting: SHB D.J. Codd
|
0-0: Ball 1-0: Called Strike 1-1: Foul Ball, location: 2F 1-2: Strikes out looking
|
| Top of the 6th over - 3 runs, 2 hits, 0 errors, 1 left on base; Albuquerque 12 - Colorado Springs 1 |
| BOTTOM OF THE 6TH |
|
Colorado Springs Sky Sox batting - Pitching for Albuquerque Isotopes : RHP Alberto Pickett
|
|
Batting: LHB Kyle Schaible
|
0-0: Ground out 1-3 (Groundball, 13S, EV 62.5 MPH)
|
|
Batting: LHB Michael Krott
|
0-0: Ball 1-0: Called Strike 1-1: Ball 2-1: Foul Ball, location: 2F 2-2: Foul Ball, location: 2F 2-2: Foul Ball, location: 2F 2-2: DOUBLE (Line Drive, 9LM, EV 100.6 MPH)
|
|
Batting: LHB Iehohs Inatho
|
0-0: Called Strike 0-1: Foul Ball, location: 2F 0-2: Strikes out swinging
|
|
Batting: RHB Eric Delgado
|
0-0: SINGLE (Line Drive, 8RS, EV 108.8 MPH) Michael Krott to third Runner from 3rd tries for Home, SAFE, throw by CF to home
|
|
Batting: RHB Matviy Oliynyk
|
0-0: Ball Eric Delgado steals 2nd base 1-0: 2-RUN HOME RUN (Flyball, 7LD, EV 95.6 MPH), Distance : 371 ft
|
|
Batting: RHB John Boyer
|
0-0: Called Strike 0-1: Swinging Strike 0-2: Ball 1-2: Ball 2-2: Strikes out swinging, 2-3 out at first.
|
| Bottom of the 6th over - 3 runs, 3 hits, 0 errors, 0 left on base; Albuquerque 12 - Colorado Springs 4 |
| TOP OF THE 7TH |
|
Albuquerque Isotopes batting - Pitching for Colorado Springs Sky Sox : RHP Mike Clark
|
|
Batting: RHB Logan Morgan
|
0-0: SINGLE (Groundball, P, EV 76.2 MPH) (infield hit)
|
|
Batting: RHB Sadataka Kuwahara
|
0-0: Grounds into double play, 5-4-3 (Groundball, 56, EV 103.1 MPH)
|
|
Batting: LHB Jason Raker
|
0-0: Ground out 6-3 (Groundball, 6, EV 86.9 MPH)
|
| Top of the 7th over - 0 runs, 1 hit, 0 errors, 0 left on base; Albuquerque 12 - Colorado Springs 4 |
| BOTTOM OF THE 7TH |
|
Colorado Springs Sky Sox batting - Pitching for Albuquerque Isotopes : RHP Alberto Pickett
|
|
Batting: RHB Kevin Tangeman
|
0-0: Called Strike 0-1: Ball 1-1: Foul Ball, location: 2F 1-2: Ball 2-2: Foul Ball, location: 2F 2-2: Strikes out swinging
|
|
Batting: LHB Steve Gilliam
|
0-0: Called Strike 0-1: Ball 1-1: SINGLE (Groundball, 34D, EV 97.5 MPH)
|
|
Pitching: RHP Sam Alexander
|
|
|
Pinch Hitting: RHB Zakhar Edelman
|
0-0: Ball 1-0: Ball 2-0: Ball 3-0: Called Strike 3-1: Called Strike 3-2: Foul Ball, location: 2F 3-2: Foul Ball, location: 2F 3-2: Base on Balls Steve Gilliam to second
|
|
Batting: LHB Kyle Schaible
|
0-0: Foul Ball, location: 2F 0-1: Called Strike 0-2: DOUBLE (Flyball, 8LXD, EV 104.4 MPH) Steve Gilliam scores Zakhar Edelman to third
|
|
Batting: LHB Michael Krott
|
0-0: Ball 1-0: Ball 2-0: Ball 3-0: Base on Balls
|
|
Batting: LHB Iehohs Inatho
|
0-0: Ball 1-0: Called Strike 1-1: Grounds into double play, 4-6-3 (Groundball, 4M, EV 85.6 MPH)
|
| Bottom of the 7th over - 1 run, 2 hits, 0 errors, 2 left on base; Albuquerque 12 - Colorado Springs 5 |
| TOP OF THE 8TH |
|
Albuquerque Isotopes batting - Pitching for Colorado Springs Sky Sox : RHP Mike Clark
|
|
Now in CF: Zakhar Edelman
|
|
|
Batting: RHB Adrian Rudkilde
|
0-0: Called Strike 0-1: Called Strike 0-2: DOUBLE (Flyball, 8LXD, EV 96.2 MPH)
|
|
Batting: SHB Jamel Wright
|
0-0: Ball 1-0: Ball 2-0: TRIPLE (Flyball, 89XD, EV 92.5 MPH) Adrian Rudkilde scores
|
|
Batting: RHB Chris King
|
0-0: Ball Wild Pitch! Jamel Wright scores 1-0: Called Strike 1-1: Swinging Strike 1-2: Ground out 5-3 (Groundball, 5, EV 110.6 MPH)
|
|
Batting: LHB Gabe Harvey
|
0-0: Ground out 4-3 (Groundball, 4, EV 102.5 MPH)
|
|
Batting: RHB Vinny Estrada
|
0-0: Called Strike 0-1: Swinging Strike 0-2: Foul Ball, location: 2F 0-2: Foul Ball, location: 2F 0-2: Foul Ball, location: 2F 0-2: Fly out, F8 (Flyball, 78XD, EV 91.2 MPH)
|
| Top of the 8th over - 2 runs, 2 hits, 0 errors, 0 left on base; Albuquerque 14 - Colorado Springs 5 |
| BOTTOM OF THE 8TH |
|
Colorado Springs Sky Sox batting - Pitching for Albuquerque Isotopes : RHP Sam Alexander
|
|
Batting: RHB Eric Delgado
|
0-0: Ball 1-0: Ball 2-0: Foul Ball, location: 2F 2-1: Foul Ball, location: 2F 2-2: Strikes out swinging
|
|
Batting: RHB Matviy Oliynyk
|
0-0: Foul Ball, location: 2F 0-1: Ground out 6-3 (Groundball, 6, EV 88.1 MPH)
|
|
Batting: RHB John Boyer
|
0-0: Ball 1-0: Called Strike 1-1: Ball 2-1: Swinging Strike 2-2: Ball 3-2: Single, Error in OF, E7, batter to second base (Groundball, 56D, EV 101.9 MPH)
|
|
Batting: RHB Kevin Tangeman
|
0-0: Swinging Strike 0-1: Ball 1-1: Foul Ball, location: 2F 1-2: Ball 2-2: Strikes out swinging
|
| Bottom of the 8th over - 0 runs, 1 hit, 1 error, 1 left on base; Albuquerque 14 - Colorado Springs 5 |
| TOP OF THE 9TH |
|
Albuquerque Isotopes batting - Pitching for Colorado Springs Sky Sox : RHP Mike Clark
|
|
Pitching: RHP Manny Lebron
|
|
|
Batting: SHB D.J. Codd
|
0-0: Ball 1-0: Ball 2-0: Called Strike 2-1: Foul Ball, location: 2F 2-2: Foul Ball, location: 2F 2-2: Foul Ball, location: 2F 2-2: Ball 3-2: Foul Ball, location: 2F 3-2: Base on Balls
|
|
Batting: RHB Logan Morgan
|
0-0: Called Strike 0-1: Called Strike 0-2: Strikes out swinging
|
|
Batting: RHB Sadataka Kuwahara
|
0-0: Ball 1-0: Called Strike 1-1: Fielders Choice at 2nd, 6-4 (Groundball, 6S, EV 83.8 MPH)
|
|
Batting: LHB Jason Raker
|
0-0: Ball 1-0: Ball 2-0: Called Strike 2-1: DOUBLE (Line Drive, 9LD, EV 102.5 MPH) Sadataka Kuwahara to third Runner from 3rd tries for Home, SAFE, no throw by RF
|
|
Batting: RHB Adrian Rudkilde
|
0-0: Ball 1-0: Ball 2-0: Ball 3-0: Called Strike 3-1: Base on Balls
|
|
Batting: SHB Jamel Wright
|
0-0: Fly out, F8 (Flyball, 8RD, EV 101.9 MPH)
|
| Top of the 9th over - 1 run, 1 hit, 0 errors, 2 left on base; Albuquerque 15 - Colorado Springs 5 |
| BOTTOM OF THE 9TH |
|
Colorado Springs Sky Sox batting - Pitching for Albuquerque Isotopes : RHP Sam Alexander
|
|
Batting: LHB Steve Gilliam
|
0-0: Ground out 5-3 (Groundball, 5L, EV 79.4 MPH)
|
|
Batting: RHB Zakhar Edelman
|
0-0: Swinging Strike 0-1: SINGLE (Line Drive, 9S, EV 96.9 MPH)
|
|
Batting: LHB Kyle Schaible
|
0-0: Called Strike 0-1: Ball 1-1: Foul Ball, location: 2F 1-2: Ball 2-2: Strikes out swinging
|
|
Batting: LHB Michael Krott
|
0-0: Ball 1-0: Swinging Strike 1-1: Ball 2-1: DOUBLE (Line Drive, 89D, EV 97.5 MPH) Zakhar Edelman to third
|
|
Pinch Hitting: RHB Pei Xie
|
0-0: Foul Ball, location: 2F 0-1: Foul Ball, location: 2F 0-2: Ball 1-2: Strikes out swinging
|
| Bottom of the 9th over - 0 runs, 2 hits, 0 errors, 2 left on base; Albuquerque 15 - Colorado Springs 5 |
|